 Dungeon Crawl Stone Soup version 0.30.1-9-gdf580d7c3d (webtiles) character file.

Game seed: 3137226679612010038

6 lonewolfV2 the Trooper (level 1, -2/18 HPs)
             Began as a Merfolk Fighter on Oct 22, 2023.
             Slain by a ball python (3 damage)
             ... on level 1 of the Dungeon.
             The game lasted 00:00:40 (259 turns).

lonewolfV2 the Trooper (Merfolk Fighter)             Turns: 259, Time: 00:00:40

Health: -2/18      AC:  6    Str: 16    XL:     1   Next: 90%
Magic:  1/1        EV:  5    Int:  7    God:
Gold:   1          SH:  4    Dex: 13    Spells: 0/0 levels left

rFire   . . .        a - +0 war axe
rCold   . . .        c - +0 buckler
rNeg    . . .        b - +0 scale mail
rPois   .            (no helmet)
rElec   .            (no cloak)
rCorr   .            (no gloves)
SInv    .            (no boots)
Will    .....        (no amulet) Stlth
                     (no ring)
HPRegen 0.23/turn    (no ring)
MPRegen 0.07/turn

%: no passive effects
@: constricted
A: (nimble swimmer 2), mertail
a: no special abilities


You were on level 1 of the Dungeon.
You visited 1 branch of the dungeon, and saw 1 of its levels.

You collected 1 gold pieces.

Inventory:

Hand Weapons
 a - a +0 war axe (weapon)
Armour
 b - a +0 scale mail (worn)
 c - a +0 buckler (worn)
Potions
 d - a potion of might


   Skills:
 + Level 3.4 Fighting
 + Level 1.7 Axes
 + Level 2.2 Armour
 + Level 3.1 Shields


You couldn't memorise any spells.
You didn't know any spells.
Your spell library was empty.

Dungeon Overview and Level Annotations

Branches:
Dungeon (1/15)

Altars:


Innate Abilities, Weirdness & Mutations

((You are very nimble when in or above water. (Stealth+, EV+, Speed+++)))
Your lower body shifts to a powerful aquatic tail in water.


Message History

The ball python constricts you. The rat bites you but does no damage.
The ball python bites you but does no damage.
The ball python constricts you. The rat bites you but does no damage.
The ball python bites you. The ball python constricts you. The rat bites you.
You block the ball python's attack. The ball python constricts you.
The rat bites you but does no damage. The ball python barely misses you.
The ball python constricts you.
The ball python bites you but does no damage.
The ball python constricts you. You block the rat's attack.
The ball python bites you. The ball python constricts you.
The rat bites you but does no damage. The ball python bites you.
The ball python constricts you. The rat bites you.
* * * LOW HITPOINT WARNING * * *
The ball python bites you but does no damage.
The ball python constricts you. The rat bites you but does no damage.
The ball python bites you but does no damage.
The ball python constricts you. You block the rat's attack.
The ball python bites you but does no damage.
The ball python constricts you.
* * * LOW HITPOINT WARNING * * *
The ball python bites you but does no damage.
The ball python constricts you. The rat closely misses you.
The ball python bites you but does no damage.
The ball python constricts you. The rat bites you but does no damage.
The ball python bites you.
* * * LOW HITPOINT WARNING * * *
The ball python constricts you. The rat bites you.
* * * LOW HITPOINT WARNING * * *
The ball python bites you but does no damage.
The ball python constricts you. You block the rat's attack.
The ball python barely misses you. The ball python constricts you.
You block the rat's attack. The ball python bites you.
You die...

##.####.##
##.####.###...
##.####.## #...
##.####.## #..
##.####.## #..
#.####)#.## #.###
##.##[###.## #...
#.#.##.###.###S#
#.##†.##.###...@#
##.##.....######r#
...................
...................$.
######..#######..###...
.#####....#####.## ..
................ .
................
###############


You could see a ball python and a rat.

Vanquished Creatures
  3 jackals (D:1)
  A quokka (D:1)
  A bat (D:1)
5 creatures vanquished.

Notes
Turn   | Place    | Note
-------+----------+-------------------------------------------
     0 | D:1      | lonewolfV2 the Merfolk Fighter began the quest for the Orb.
     0 | D:1      | Reached XP level 1. HP: 18/18 MP: 1/1
   259 | D:1      | Slain by a ball python

Illustrated notes

Levels and vault maps discovered:
D:1:      nagdon_arrival_zigzag_paths, layout_rooms

Action                     || total
---------------------------++-------
  Melee: War axe           ||    17
 Armour: Scale mail        ||    82
  Dodge: Dodged            ||    74
  Block: Buckler           ||    41
